 Dungeon Crawl Stone Soup version 0.26-a0-962-g9b92081034 (webtiles) character file.

Game seed: 15334171017502419713

267 Dracia the Poker (level 6, 0/44 HPs)
             Began as a Demonspawn Warper on Dec 2, 2020.
             Succumbed to a worker ant's poison
             ... on level 4 of the Dungeon.
             The game lasted 00:07:04 (2943 turns).

Dracia the Poker (Demonspawn Warper)                Turns: 2943, Time: 00:07:05

Health: 0/44       AC:  3    Str: 12 (13) XL:     6   Next: 0%
Magic:  9/9        EV: 11    Int: 13 (15) God:
Gold:   147        SH:  0    Dex:  9 (12) Spells: 7/9 levels left

rFire    + . .     SeeInvis .   a - +0 spear
rCold    + + .     Faith    .   (no shield)
rNeg     . . .     Spirit   .   b - +0 leather armour
rPois    +         Reflect  .   (no helmet)
rElec    +         Harm     .   (no cloak)
rCorr    +         Rampage  .   (no gloves)
MR       .....                  (no boots)
Stlth    +.........             (no amulet)
HPRegen  0.14/turn              (no ring)
MPRegen  0.11/turn              (no ring)

@: brilliant, lethally poisoned (0 -> -1), resistant, hasted, very quick
A: cold resistance 1, spiny 1
a: no special abilities


You were on level 4 of the Dungeon.
You visited 1 branch of the dungeon, and saw 4 of its levels.

You collected 147 gold pieces.


Innate Abilities, Weirdness & Mutations

Your flesh is cold resistant. (rC+)
You are partially covered in sharp spines.


   Skills:
 - Level 2.0 Fighting
 * Level 4.8 Polearms
 - Level 0.8 Throwing
 - Level 0.8 Armour
 - Level 1.7 Dodging
 - Level 2.0 Spellcasting
 + Level 4.1 Translocations


You had 7 spell levels left.
You knew the following spells:

 Your Spells              Type           Power        Failure   Level
a - Blink                 Tloc           N/A          9%          2

Your spell library contained the following spells:

 Spells                   Type           Power        Failure   Level
 Gell's Gravitas          Tloc           ###.......   19%         3
 Lesser Beckoning         Tloc           ###.......   19%         3
 Teleport Other           Tloc           ###.....     19%         3
 Passage of Golubria      Tloc           N/A          52%         4

Inventory:

Hand Weapons
 a - a +0 spear (weapon)
Missiles
 e - 4 boomerangs of dispersal (quivered) {=f}
Armour
 b - a +0 leather armour (worn)
Jewellery
 g - an uncursed amulet of regeneration {unknown}
Scrolls
 c - 6 scrolls of identify {unknown}
 f - a scroll of fear {unknown}
 i - a scroll of magic mapping {unknown}
 j - a scroll of teleportation {unknown}
 k - 3 scrolls of remove curse {unknown}
 n - a scroll of enchant armour {unknown}
Potions
 l - a potion of brilliance
 m - a potion of berserk rage {!q}

Dungeon Overview and Level Annotations

Branches:
Dungeon (4/15)
 Temple: D:4-7

Altars:
Cheibriados
Trog

Annotations:
D:2 Robin
D:3 2 transporters, thewurscht's ghost, amateur OpMo
D:4 Dowan; Duvessa

(## ##.#.#..# #
##.#.###.## ##.#.##
#..# ##.#.## ##.##
##(#)## #..# ##.#.##
##÷# ##.#e## #.###.
#.#.## #..##.# ..#
.#.## ##@##.# ...#
#.## #.##.# ...# .##
#..#.#####....# ##
.......#.......#....#
.......#............#
.......#.......#....
.......##.....<# .
....... #..#+#.#
....... #.>..#.#


There were no monsters in sight!


Message History

You feel sick.
It was a potion of resistance.
You feel protected.
The worker ant is struck by your spines.
The worker ant misses you.
It was a potion of haste.
You feel yourself speed up.
* * * LOW HITPOINT WARNING * * *
You feel sick.
The worker ant bites you but does no damage.
It was a potion of brilliance.
You feel clever all of a sudden.
The worker ant is struck by your spines.
You kill the worker ant!
You have reached level 6!
Your experience leads to an increase in your attributes!
Increase (S)trength, (I)ntelligence, or (D)exterity?
You feel stronger.
It was a potion of degeneration.
There was something very wrong with that liquid.
You feel weakened.
You feel dopey.
You feel clumsy.
Unknown command.
* * * LOW HITPOINT WARNING * * *
You feel sick.
Items here: ))) [[ ÷÷.
* * * LOW HITPOINT WARNING * * *
You feel sick.
* * * LOW HITPOINT WARNING * * *
You feel sick.
You see here a quokka skeleton.
You die...

Skill      XL: |  1  2  3  4  5 |
---------------+----------------+-----
Polearms       | 2 4 |  4.8
Translocations | 3 4 |  4.1
Fighting       | |  2.0
Throwing       | |  0.8
Armour         | |  0.8
Dodging        | |  1.7
Spellcasting   | |  2.0

Action                   |  1- 3 |  4- 6 || total
-------------------------+-------+-------++-------
Melee: Spear             |   114 |   114 ||   228
Throw: Boomerang         |     1 |       ||     1
 Cast: Blink             |       |     1 ||     1
  Use: Potion            |     3 |     4 ||     7
       Scroll            |       |     2 ||     2
Armor: Leather armour    |    16 |     7 ||    23
Dodge: Dodged            |    42 |    31 ||    73

Levels and vault maps discovered:
D:1:      lightli_arrival_statue_moat, layout_rooms
D:2:      layout_loops_cross, chequers_ecumenical_altar_simple, uniq_robin
D:3:      layout_loops_ring, kennysheep_slug_shrine, lemuel_doored_altar,
          gammafunk_ghost_stat_death
D:4:      minmay_inner_zag, layout_basic, elyvilon_altar_3,
          uniq_crazy_yiuf_cottage, uniq_duvessa

Notes
Turn   | Place    | Note
-------+----------+-------------------------------------------
     0 | D:1      | Dracia the Demonspawn Warper began the quest for the Orb.
     0 | D:1      | Reached XP level 1. HP: 16/16 MP: 3/3
    93 | D:1      | Reached skill level 2 in Polearms
   268 | D:1      | Gained mutation: You are partially covered in sharp spines.
                  | [demonic ancestry]
   268 | D:1      | Reached XP level 2. HP: 11/22 MP: 5/5
   507 | D:1      | Reached skill level 3 in Translocations
   513 | D:1      | Learned a level 2 spell: Blink
   863 | D:2      | Found a faded altar of an unknown god.
   870 | D:2      | Reached XP level 3. HP: 27/27 MP: 6/6
   971 | D:2      | Reached skill level 3 in Polearms
  1045 | D:2      | Noticed a phantom
  1072 | D:2      | Killed a phantom
  1073 | D:2      | Reached skill level 4 in Polearms
  1073 | D:2      | Gained mutation: Your flesh is cold resistant. (rC+)
                  | [demonic ancestry]
  1073 | D:2      | Reached XP level 4. HP: 33/33 MP: 7/7
  1073 | D:2      | Reached XP level 5. HP: 38/38 MP: 8/8
  1536 | D:2      | Noticed Robin
  1568 | D:3      | Found a transporter.
  1572 | D:3      | Noticed thewurscht's ghost (amateur OpMo)
  1708 | D:3      | Found a transporter.
  1715 | D:3      | Found a snail-covered altar of Cheibriados.
  1991 | D:3      | Found a bloodstained altar of Trog.
  2573 | D:4      | Reached skill level 4 in Translocations
  2899 | D:4      | Noticed Dowan
  2908 | D:4      | Noticed Duvessa
  2918 | D:4      | HP: 3/38 [poisoned by a worker ant]
  2919 | D:4      | Identified a potion of resistance
  2922 | D:4      | Reached XP level 6. HP: 2/44 MP: 9/9
  2925 | D:4      | HP: 2/44 [poisoned by a worker ant]
  2931 | D:4      | HP: 1/44 [poisoned by a worker ant]
  2937 | D:4      | HP: 1/44 [poisoned by a worker ant]
  2943 | D:4      | Succumbed to a worker ant's poison

Vanquished Creatures
  A phantom (D:2)
  An orc wizard (D:4)
  2 worker ants (D:4)
  2 adders
  2 oozes
  A worm (D:3)
  2 dart slugs (D:3)
  4 orcs
  8 bats
  4 giant cockroaches
  13 goblins
  7 hobgoblins
  A quokka (D:4)
  2 ball pythons
  3 frilled lizards
  7 kobolds
  8 rats
68 creatures vanquished.

Table legend: (Time is in decaauts)
 A = Elapsed time spent in this place.
 B = Non-inter-level travel time spent in this place.
 C = Inter-level travel time spent in this place.
 D = Time resting spent in this place.
 E = Time spent auto-exploring this place.
 F = Levels seen in this place.
 G = Mean time per level.
                   A        B        C        D        E       F      G
               +--------+--------+--------+--------+--------+-----+--------+
         Total |   2929 |   2826 |    103 |      0 |   2354 |   4 |  732.2 |
       Dungeon |   2929 |   2826 |    103 |      0 |   2354 |   4 |  732.2 |
               +--------+--------+--------+--------+--------+-----+--------+

Top non-repeatable levels by time:
     D:3: 950 daAuts
     D:1: 847 daAuts
     D:2: 712 daAuts
     D:4: 419 daAuts

Table legend:
 A = Non-vault XP
 B = Vault XP
 C = Vault XP percentage of total XP
 D = Non-vault monster count
 E = Vault monster count
 F = Vault count percentage of total count
                 A         B        C        D         E       F
            +---------+---------+-------+---------+---------+-------
      Total |     306 |      76 |  19.9 |      60 |       8 |  11.8
            +---------+---------+-------+---------+---------+-------
        D:1 |      40 |       0 |   0.0 |      22 |       0 |   0.0
        D:2 |     167 |       8 |   4.6 |      18 |       5 |  21.7
        D:3 |      48 |       4 |   7.7 |      15 |       1 |   6.2
        D:4 |      51 |      64 |  55.7 |       5 |       2 |  28.6
            +---------+---------+-------+---------+---------+-------
